 Dungeon Crawl Stone Soup version 0.29.1-15-g9cfb28693d (webtiles) character file.

Game seed: 17250911800153074626

41340 GeoRichter the Zephyrmancer (level 13, -4/61 (63) HPs)
             Began as a Felid Air Elementalist on Mar 18, 2023.
             Was an Initiate of Gozag.
             Slain by a pharaoh ant (20 damage)
             ... on level 3 of the Lair of Beasts on Mar 19, 2023.
             The game lasted 01:18:59 (45391 turns).

GeoRichter the Zephyrmancer (FeAE)                 Turns: 45391, Time: 01:19:00

HP:   -4/61 (63)    AC:  7    Str: 10    XL:     13   Next: 79%
MP:   21/28         EV: 23    Int: 25    God:    Gozag
Gold: 2779          SH:  5    Dex: 16    Spells: 6/33 levels left
                                        Lives: 0   Deaths: 3

rFire   . . .      SeeInvis +     - Unarmed
rCold   + . .      Faith    .   (shield unavailable)
rNeg    + . .      Spirit   .   (body armour unavailable)
rPois   +          Reflect  +   (helmet unavailable)
rElec   +          Harm     .   (cloak unavailable)
rCorr   +          Rampage  .   (gloves unavailable)
Will    +....                   (boots unavailable)
Stlth   +++.......              C - amulet of reflection
HPRegen 0.20/turn               B - ring of Surprise {rN+ AC+4 Str+2 Int+3}
MPRegen 0.21/turn               n - ring "Doiman" {rElec rPois rCorr Str+4}

@: lightly drained, quick
A: very small, claws 1, fangs 3, see invisible, speed 1, shaggy fur 3, stealthy
paws, no weapons or thrown items, no armour, multi-lived
a: Renounce Religion, Potion Petition, Call Merchant, Bribe Branch


You were on level 3 of the Lair of Beasts.
You worshipped Gozag.
Gozag was most pleased with you.
You visited 4 branches of the dungeon, and saw 21 of its levels.
You also visited: Ice Cave.

You collected 9859 gold pieces.
You spent 2596 gold pieces at shops.
You paid 4484 gold pieces to Gozag.

Inventory:

Jewellery
 e - a ring of wizardry
   (You found it on level 1 of the Dungeon)
 n - the ring "Doiman" (right paw) {rElec rPois rCorr Str+4}
   (You bought it in a shop on level 5 of the Dungeon)

   [ring of poison resistance]

   Str:       It affects your strength (+4).
   rElec:     It insulates you from electricity.
   rPois:     It protects you from poison.
   rCorr:     It protects you from acid and corrosion.
 u - an amulet of guardian spirit
   (You found it on level 5 of the Lair of Beasts)
 B - the ring of Surprise (left paw) {rN+ AC+4 Str+2 Int+3}
   (You bought it in a shop on level 5 of the Dungeon)

   [ring of protection]

   AC:        It affects your AC (+4).
   Str:       It affects your strength (+2).
   Int:       It affects your intelligence (+3).
   rN:        It protects you from negative energy.
 C - an amulet of reflection (around neck)
   (You took it off an orc on level 8 of the Dungeon)
 D - a ring of willpower
   (You found it on level 9 of the Dungeon)
 E - an amulet of regeneration
   (You found it on level 9 of the Dungeon)
Wands
 d - a wand of iceblast (8)
   (You found it on level 1 of the Lair of Beasts)
 i - a wand of polymorph (9)
   (You took it off Ijyb on level 5 of the Dungeon)
 o - a wand of mindburst (6)
   (You took it off Pikel on level 4 of the Dungeon)
 y - a wand of charming (29)
   (You found it on level 7 of the Dungeon)
Scrolls
 g - 2 scrolls of noise {!r}
 l - 5 scrolls of identify {@r1}
 q - 4 scrolls of teleportation {@r4}
 v - 5 scrolls of immolation {!r}
 w - a scroll of torment {!r}
 z - a scroll of fog
 A - 2 scrolls of magic mapping
 F - a scroll of vulnerability {!r}
 I - a scroll of poison
Potions
 a - 7 potions of curing {@q1}
 b - 5 potions of attraction {!q}
 c - a potion of heal wounds {@q2}
 f - 5 potions of flight
 h - 2 potions of lignification {!q}
 j - 7 potions of brilliance
 k - 2 potions of resistance
 m - a potion of invisibility
 r - 2 potions of berserk rage {unknown}
 s - 3 potions of mutation {unknown}
 t - 2 potions of cancellation {unknown}
 x - 2 potions of haste {unknown}
 G - a potion of might {unknown}


   Skills:
 - Level 11.1 Fighting
 - Level 9.9 Dodging
 - Level 5.0 Stealth
 - Level 7.0 Unarmed Combat
 - Level 10.8 Spellcasting
 + Level 10.8 Conjurations
 - Level 8.0 Hexes
 - Level 8.0 Transmutations
 - Level 11.4 Air Magic
 * Level 5.8 Earth Magic
 - Level 4.0 Evocations


You had 6 spell levels left.
You knew the following spells:

 Your Spells              Type           Power      Damage    Failure   Level
a - Fulminant Prism       Conj/Hex       28%        3d14      1%          4
b - Airstrike             Air            31%        2d(5-21)  1%          4
c - Static Discharge      Conj/Air       62%        3-11/arc  1%          2
d - Yara's Violent Unrav  Hex/Tmut       26%        3d11      4%          5
e - Iskenderun's Battles  Conj           61%        2d11      1%          5
f - Magic Dart            Conj           100%       1d8       1%          1
g - Iron Shot             Conj/Erth      26%        9d6       22%         6

Your spell library contained the following spells:

 Spells                   Type           Power      Damage    Failure   Level
 Foxfire                  Conj/Fire      100%       2x1d9     1%          1
 Shock                    Conj/Air       100%       1d9       1%          1
 Slow                     Hex            100%       N/A       1%          1
 Searing Ray              Conj           100%       2d8       1%          2
 Confusing Touch          Hex            52%        N/A       1%          3
 Mephitic Cloud           Conj/Pois/Air  50%        N/A       1%          3
 Swiftness                Air            63%        N/A       1%          3
 Tukima's Dance           Hex            52%        N/A       1%          3
 Lightning Bolt           Conj/Air       31%        1d48      1%          5
 Spider Form              Tmut/Pois      33%        N/A       2%          3
 Leda's Liquefaction      Hex/Erth       24%        N/A       2%          4
 Freeze                   Ice            52%        1d7       4%          1
 Hailstorm                Conj/Ice       40%        3d10      4%          4
 Iskenderun's Mystic Bla  Conj/Tloc      40%        2d9       4%          4
 Sticky Flame             Conj/Fire      40%        2d6       4%          4
 Conjure Ball Lightning   Conj/Air       31%        3x3d10    7%          6
 Ice Form                 Ice/Tmut       33%        N/A       9%          4
 Call Canine Familiar     Summ           13%        N/A       14%         3
 Frozen Ramparts          Ice            26%        1d4       14%         3
 Vampiric Draining        Necr           13%        2d6       14%         3
 Fireball                 Conj/Fire      20%        3d10      14%         5
 Dispel Undead            Necr           13%        3d9       41%         4
 Passage of Golubria      Tloc           13%        N/A       41%         4
 Orb of Destruction       Conj           30%        9d10      41%         7
 Storm Form               Tmut/Air       29%        N/A       56%         7
 Dragon Form              Tmut           26%        N/A       82%         7
 Necromutation            Tmut/Necr      16%        N/A       100%        8
 Portal Projectile        Hex/Tloc       Unusable   N/A       N/A         3

Dungeon Overview and Level Annotations

Branches:
Dungeon (13/15) Zot: 25232  Temple (0/1) D:6            Lair (5/5) D:8 Zot: 15959
 Shoals (0/4) Lair:2       Spider (1/4) Lair:3 Zot: 5914   Slime (0/5) Lair:5
    Orc (2/2) D:10 Zot: 14280     Elf (0/3) Orc:2         IceCv (visited)
 Vaults: D:13-14

Altars:
Cheibriados
Dithmenos
Fedhas
Gozag
Kikubaaqudgha
Qazlal
Ru
Uskayaw
The Shining One
Jiyva

Shops:
D:4 (   D:5 =   D:8 =:   Orc:1 (   Orc:2 =?((   Lair:2 =   Lair:4 *

Portals:
Trove: D:11 (give 6 scrolls of fog)

Annotations:
D:6 exclusion: door
D:13 exclusion: gargoyle
Lair:1 1 runed translucent door, kalagan's ghost, journeyman DECj


Innate Abilities, Weirdness & Mutations

You have sharp claws.
You have razor-sharp teeth.
You have supernaturally acute eyesight. (SInv)
You cover ground quickly. (Speed+)
Your thick and shaggy fur keeps you warm. (AC +3, rC+)
Your paws help you pounce on unaware monsters.
You are incapable of wielding weapons or throwing items.
You cannot wear armour.
You gain extra lives every three experience levels.


Message History

You hear a chilling moan.
You hear a hideous shriek!
You don't know that spell.
The demonic crawler attacks as you move away!
You block the demonic crawler's attack. The demonic crawler hits you.
The demonic crawler completely misses you.
A pharaoh ant comes into view.
The demonic crawler shrieks in warning!
There is a crawl-hole back to the Lair here.
The demonic crawler hits you!
* * * LOW HITPOINT WARNING * * *
The demonic crawler closely misses you.
The demonic crawler completely misses you.
You climb upwards.
Welcome back to the Lair of Beasts!
There is a hole to the Spider Nest here.
You start resting.
You start resting.
Okay, then.
Okay, then.
You climb downwards.
Welcome back to the Spider Nest!
This branch contains the gossamer rune of Zot.
The pharaoh ant completely misses you. The demonic crawler closely misses you.
The demonic crawler misses you. The demonic crawler hits you.
The pharaoh ant closely misses you.
The demonic crawler shrieks in warning!
You hear a hideous shriek!
There is a crawl-hole back to the Lair here.
You block the pharaoh ant's attack.
The demonic crawler completely misses you. x2
The demonic crawler closely misses you.
You climb upwards.
Welcome back to the Lair of Beasts!
There is a hole to the Spider Nest here.
You pick your way through the web.
There is a web here.
Aim: a pharaoh ant (empty space bonus: 2/8)
Okay, then.
The pharaoh ant is struck by an arc of lightning!
The pharaoh ant bites you.
The demonic crawler shrieks in warning!
The pharaoh ant completely misses you.
The pharaoh ant is struck by an arc of lightning.
The pharaoh ant barely misses you.
The pharaoh ant is struck by an arc of lightning!
The pharaoh ant bites you!! You partially resist.
You feel drained.
The pharaoh ant is struck by an arc of lightning!
You block the pharaoh ant's attack. The pharaoh ant bites you!!
* * * LOW HITPOINT WARNING * * *
The pharaoh ant attacks as you move away!
The pharaoh ant bites you!!
You die...
Your body crumbles into a pile of gold.

#.###..P#.####..#
................#
................#
####..######....##
#.#...##.####....##
...............#.^#
............#.#.#.###
.............###..^.#
..........#####.@##.#
..........##.##B#s#.#
............###>^.#.##
...........^#....^.#.#
..............^###.###
...........^.#.......#
...............#...###
.............#^##^##
.................##


You could see a demonic crawler and a pharaoh ant.

Vanquished Creatures
  An ettin (Orc:1)
  Josephine (Lair:5)
  A fire dragon (Lair:5)
  Fannar (Lair:2)
  4 boulder beetles
  A catoblepas (D:9)
  11 hydras
  3 centaur warriors
  5 two-headed ogres
  An alligator (Lair:5)
  3 death yaks (Lair:4)
  Sonja (D:10)
  A fire crab (shapeshifter) (D:9)
  A skeletal warrior (D:9)
  A swamp dragon (Lair:5)
  Pikel (D:4)
  5 orc knights (Orc:2)
  A wolf spider (Lair:5)
  A deep elf pyromancer (D:13)
  An ugly thing (D:9)
  6 cyclopes
  2 manticores
  A guardian serpent (Lair:5)
  Joseph (D:9)
  4 elephants (Lair:3)
  8 black mambas
  2 gargoyles
  18 cane toads
  4 rime drakes
  2 kobold demonologists (D:9)
  3 freezing wraiths
  2 efreet
  6 komodo dragons
  3 meliai (D:12)
  4 trolls
  3 polar bears
  4 hornets
  A tarantella (Lair:3)
  A merfolk (shapeshifter) (D:13)
  10 slime creatures
  5 blink frogs (Lair:5)
  17 dream sheep
  2 jumping spiders (Spider:1)
  2 spriggans (Lair:3)
  A shadow (D:13)
  8 wraiths
  15 wyverns
  37 yaks
  5 basilisks
  Grum (D:9)
  7 vampire mosquitoes
  A death yak simulacrum (IceCv)
  3 steam dragons
  3 redbacks (Lair:5)
  3 wargs
  25 water moccasins
  5 acid dragons
  A hydra simulacrum (IceCv)
  3 ice beasts
  36 orc warriors
  A swamp drake (Lair:5)
  6 black bears
  32 wolves
  6 ogres
  A lemure (D:4)
  20 centaurs
  3 phantoms (D:6)
  5 kobold brigands
  15 bullfrogs
  4 gnoll sergeants
  6 scorpions
  2 necrophages
  A cane toad simulacrum (IceCv)
  14 wights
  An elephant simulacrum (IceCv)
  10 killer bees (D:9)
  An electric eel (Lair:4)
  2 howler monkeys
  2 jellies
  7 hounds
  16 orc priests
  A gnoll bouda (D:9)
  Crazy Yiuf (D:5)
  Ijyb (D:5)
  8 iguanas
  13 orc wizards
  2 hell rats (Lair:2)
  A polar bear simulacrum (IceCv)
  12 gnolls
  5 adders
  9 river rats (Lair:2)
  5 shadow imps
  3 ufetubi
  A worm (D:3)
  4 dart slugs
  55 orcs
  5 bats
  9 endoplasms
  3 giant cockroaches
  8 hobgoblins
  3 jackals (D:3)
  16 kobolds
  5 quokkas
  9 ball pythons
  4 frilled lizards
  8 goblins
  3 rats
659 creatures vanquished.

Vanquished Creatures (others)
  An orc warrior (Orc:1)
  2 fulminant prisms
  118 fungi
  148 plants
  6 withered plants (D:6)
275 creatures vanquished.

Grand Total: 934 creatures vanquished

Notes
Turn   | Place    | Note
-------+----------+-------------------------------------------
     0 | D:1      | GeoRichter the Felid Air Elementalist began the quest for
                  | the Orb.
     0 | D:1      | Reached XP level 1. HP: 7/7 MP: 4/4
   516 | D:1      | Reached XP level 2. HP: 11/11 MP: 1/6
  1387 | D:1      | Reached XP level 3. HP: 14/14 MP: 4/7
  2698 | D:3      | Found a stormy altar of Qazlal.
  2967 | D:3      | Reached XP level 4. HP: 18/18 MP: 4/8
  3246 | D:3      | Found a faded altar of an unknown god.
  3722 | D:3      | Found a hide-covered altar of Uskayaw.
  3760 | D:3      | Found a faded altar of an unknown god.
  3764 | D:3      | Found an opulent altar of Gozag.
  3819 | D:4      | Noticed a water moccasin
  3822 | D:4      | Noticed a scorpion
  3881 | D:4      | Noticed Pikel
  3881 | D:4      | Noticed a lemure
  3881 | D:4      | Noticed a lemure
  3886 | D:4      | Noticed a lemure
  3887 | D:4      | Noticed a lemure
  3888 | D:4      | Found Degab's Weapon Emporium.
  4001 | D:3      | Became a worshipper of Gozag Ym Sagoz the Greedy
  4030 | D:4      | Noticed an ogre
  4046 | D:4      | Learned a level 4 spell: Airstrike
  4096 | D:4      | Killed an ogre
  4097 | D:4      | Reached skill level 5 in Stealth
  4097 | D:4      | Reached XP level 5. HP: 21/21 MP: 4/9
  4396 | D:4      | Reached skill level 5 in Air Magic
  4491 | D:3      | Gained mutation: You are covered in thick fur. (AC +2)
                  | [Felid growth]
  4491 | D:3      | Reached XP level 6. HP: 2/24 MP: 7/10
  5215 | D:4      | Killed a water moccasin
  6268 | D:5      | Entered Level 5 of the Dungeon
  6268 | D:5      | Found a shadowy altar of Dithmenos.
  6466 | D:5      | Noticed Ijyb
  6472 | D:5      | Killed Ijyb
  6599 | D:5      | Found a glowing golden altar of the Shining One.
  6638 | D:5      | Reached XP level 7. HP: 22/27 MP: 5/13
  6704 | D:5      | Found a snail-covered altar of Cheibriados.
  6957 | D:4      | Found Degab's Weapon Emporium.
  7405 | D:4      | Killed Pikel
  7406 | D:4      | Reached XP level 8. HP: 14/31 MP: 1/15
  7892 | D:5      | Found a runed translucent door.
  7893 | D:5      | Noticed Crazy Yiuf
  8649 | D:5      | Killed Crazy Yiuf
  8650 | D:5      | Reached skill level 5 in Spellcasting
  8781 | D:5      | Identified a scroll of acquirement
  8782 | D:5      | Acquired 1110 gold pieces
  8789 | D:5      | Bought the ring "Doiman" {rElec rPois rCorr Str+4} for 624
                  | gold pieces
  9377 | D:6      | Found a blossoming altar of Fedhas.
  9378 | D:6      | Found an ancient bone altar of Kikubaaqudgha.
  9390 | D:6      | Found a sacrificial altar of Ru.
 10276 | D:6      | Found a staircase to the Ecumenical Temple.
 10398 | D:6      | Reached XP level 9. HP: 29/34 MP: 7/18
 11111 | D:7      | Reached skill level 10 in Air Magic
 13562 | D:8      | Reached XP level 10. HP: 37/37 MP: 13/22
 13994 | D:8      | Reached skill level 1 in Fighting
 14102 | D:8      | Noticed a two-headed ogre
 14105 | D:8      | Killed a two-headed ogre
 14106 | D:8      | Reached skill level 1 in Evocations
 14380 | D:5      | Bought the ring of Surprise {rN+ AC+4 Str+2 Int+3} for 750
                  | gold pieces
 15084 | D:8      | Found a staircase to the Lair.
 15091 | D:8      | Reached skill level 5 in Dodging
 15619 | D:8      | Reached skill level 5 in Fighting
 16328 | D:9      | Noticed Grum
 16494 | D:9      | Killed Grum
 16551 | D:9      | Reached XP level 11. HP: 48/48 MP: 14/23
 16836 | D:9      | Noticed a centaur warrior
 16842 | D:9      | Shot with an arrow by a centaur warrior
 16843 | D:9      | Reached XP level 10. HP: -1/45 MP: 22/22
 16886 | Lair:1   | Entered Level 1 of the Lair of Beasts
 16970 | Lair:1   | Noticed a cane toad
 16973 | Lair:1   | Killed a cane toad
 17369 | Lair:1   | Noticed a cane toad
 17743 | Lair:1   | Noticed a cane toad
 17756 | Lair:1   | Killed a cane toad
 18312 | Lair:1   | Found a runed translucent door.
 18317 | Lair:1   | Noticed kalagan's ghost (journeyman DECj)
 18401 | Lair:1   | Noticed a cane toad
 18405 | Lair:1   | Killed a cane toad
 18603 | Lair:1   | Killed a cane toad
 18713 | Lair:2   | Noticed a cane toad
 18718 | Lair:2   | Killed a cane toad
 18931 | Lair:2   | Noticed a cane toad
 18946 | Lair:2   | Reached XP level 11. HP: 48/52 MP: 1/23
 19084 | Lair:2   | Found a frozen archway.
 19192 | IceCv    | Entered an ice cave
 19720 | Lair:2   | Found a staircase to the Shoals.
 20994 | Lair:2   | Noticed Fannar
 21014 | Lair:2   | Killed Fannar
 21015 | Lair:2   | Reached skill level 10 in Fighting
 21246 | Lair:2   | Reached skill level 1 in Conjurations
 21249 | Lair:2   | Learned a level 2 spell: Static Discharge
 21577 | Lair:3   | Found a hole to the Spider Nest.
 22871 | Lair:3   | Reached skill level 5 in Conjurations
 22871 | Lair:3   | Gained mutation: Your thick and shaggy fur keeps you warm.
                  | (AC +3, rC+) [Felid growth]
 22871 | Lair:3   | Reached XP level 12. HP: 58/58 MP: 12/25
 23271 | Lair:3   | Noticed a boulder beetle
 23301 | Lair:3   | Killed a boulder beetle
 23711 | Lair:4   | Noticed a seven-headed hydra
 23716 | Lair:4   | Killed a seven-headed hydra
 23938 | Lair:4   | You fall into a shaft and drop 1 floor!
 23938 | Lair:5   | Entered Level 5 of the Lair of Beasts
 24660 | Lair:4   | Noticed a death yak
 24662 | Lair:4   | Noticed a death yak
 24662 | Lair:4   | Noticed a death yak
 24672 | Lair:4   | Killed a death yak
 25009 | Lair:4   | Noticed a four-headed hydra
 25014 | Lair:4   | Killed a four-headed hydra
 25140 | Lair:4   | Killed a death yak
 25774 | Lair:4   | Killed a death yak
 25947 | Lair:4   | Noticed a seven-headed hydra
 25951 | Lair:4   | Killed a seven-headed hydra
 26893 | Lair:4   | Reached skill level 10 in Spellcasting
 26945 | Lair:5   | Reached skill level 1 in Unarmed Combat
 27019 | Lair:5   | Reached XP level 13. HP: 58/61 MP: 6/28
 27466 | Lair:5   | Found a staircase to the Slime Pits.
 27467 | Lair:5   | Found a viscous altar of Jiyva.
 28252 | Lair:5   | Reached skill level 5 in Unarmed Combat
 29915 | Lair:5   | Reached skill level 1 in Hexes
 29921 | Lair:5   | Reached skill level 1 in Transmutations
 30286 | Lair:5   | Noticed Josephine
 30357 | Lair:4   | Learned a level 4 spell: Fulminant Prism
 30507 | Lair:5   | Killed Josephine
 30726 | Lair:5   | Reached skill level 5 in Hexes
 31321 | Lair:5   | Noticed a fire dragon
 31633 | Lair:5   | Killed a fire dragon
 32070 | D:9      | Identified the +8 spear of the Bear {vorpal, Dex+2}
 32558 | D:9      | Noticed Joseph
 32562 | D:9      | Killed Joseph
 32906 | D:9      | Reached XP level 14. HP: 66/67 MP: 19/29
 33265 | D:8      | Learned a level 5 spell: Yara's Violent Unravelling
 33636 | D:9      | Identified the +3 rapier "Tarie" {venom, Int+6 Stlth-}
 33644 | D:9      | HP: 1/67 [efreet/+2 scimitar of flaming (11)]
 33644 | D:9      | Slain by an efreet
 33645 | D:9      | Reached XP level 13. HP: -2/63 MP: 23/28
 33697 | D:9      | Reached skill level 5 in Transmutations
 34166 | D:10     | Entered Level 10 of the Dungeon
 34317 | D:10     | Noticed Sonja
 34437 | D:10     | Killed Sonja
 34976 | D:8      | Bought a book of the Spheres for 702 gold pieces
 35057 | D:8      | Learned a level 5 spell: Iskenderun's Battlesphere
 35059 | D:8      | Learned a level 1 spell: Magic Dart
 35952 | D:10     | Found a staircase to the Orcish Mines.
 36132 | Orc:1    | Entered Level 1 of the Orcish Mines
 36467 | Orc:1    | Noticed an ettin
 36475 | Orc:1    | Killed an ettin
 36775 | Orc:1    | Found Neppis's Antique Weapon Emporium.
 37255 | Orc:2    | Entered Level 2 of the Orcish Mines
 38838 | Orc:2    | Found a staircase to the Elven Halls.
 39422 | Orc:2    | Shot with a bolt by an orc warrior
 39423 | Orc:2    | Reached XP level 12. HP: 0/60 MP: 22/27
 40156 | Orc:2    | Reached skill level 10 in Conjurations
 40399 | Orc:2    | Found Ugawk's Weapon Boutique.
 40399 | Orc:2    | Found Rytomon's Magic Scroll Shoppe.
 40401 | Orc:2    | Found Wussi's Jewellery Emporium.
 40403 | Orc:2    | Found Zucokk's Weapon Shop.
 40408 | Orc:2    | Bought a scroll of acquirement for 520 gold pieces
 40415 | Orc:2    | Acquired GeoRichter's Guide on Battle Magic
 40727 | D:11     | Reached skill level 1 in Earth Magic
 40730 | D:11     | Reached XP level 13. HP: 60/63 MP: 1/28
 42055 | D:11     | Found a portal to a secret trove of treasure.
 42169 | D:12     | Learned a level 6 spell: Iron Shot
 43918 | D:13     | Reached skill level 5 in Earth Magic
 44548 | D:13     | Noticed an ironbound preserver
 44949 | D:12     | Acquired Sif Muna's Vellum of Sculpting
 45136 | Spider:1 | Entered Level 1 of the Spider Nest
 45391 | Lair:3   | Slain by a pharaoh ant

Illustrated notes

Levels and vault maps discovered:
D:1:      minmay_arrival_doors, layout_basic, minmay_tall_x
D:2:      layout_loops_corners, hangedman_glass_teeth, minmay_statues_item
D:3:      layout_basic, nicolae_overflow_ecumenical_swirl, minitemple,
          shapermc_ecumenical_altar_ellora, grunt_decor_clamped, hex_large
D:4:      layout_basic, interstate_on_off, kennysheep_windowed_goal, uniq_pikel
D:5:      layout_loops_cross, grunt_dithmenos_smoke_and_mirrors,
          mainiacjoe_overflow_catch_the_wave, uniq_ijyb, uniq_crazy_yiuf_cottage
D:6:      cheibrodos_two_vegetables, layout_loops_ring,
          grunt_temple_overflow_growth_and_decay,
          nicolae_ru_sacrificial_ziggurat, minmay_temple_entry_gardened_gates
D:7:      layout_loops_ring
D:8:      layout_cave_pods, due_lair_maze_entry_diamond, kennysheep_kite_vault
D:9:      minmay_the_grid_square_5x5_4x4
          [minmay_the_grid_square_5x5_three_small,
          minmay_the_grid_square_5x5_inner_v,
          minmay_the_grid_square_5x5_doubleslash,
          minmay_the_grid_square_5x5_inner_i, minmay_the_grid_square_5x5_two,
          minmay_the_grid_square_5x5_prize_deathbox,
          minmay_the_grid_square_5x5_prize_itemx,
          minmay_the_grid_square_5x5_trominoes,
          minmay_the_grid_square_5x5_detours,
          minmay_the_grid_square_5x5_prize_gold,
          minmay_the_grid_square_5x5_prize_rear_guard,
          minmay_the_grid_square_5x5_corner,
          minmay_the_grid_square_5x5_hollow_slash,
          minmay_the_grid_square_5x5_tri_point,
          minmay_the_grid_square_5x5_minibox,
          minmay_the_grid_square_5x5_gyroscope], layout_cave_pools, uniq_grum,
          uniq_joseph
D:10:     layout_cave_pools, orc_0_dummy, st_stairs_5,
          small_statue_intersection, uniq_sonja
D:11:     layout_small_grid, enter_trove_6, minmay_hedge_maze
D:12:     layout_rooms
D:13:     layout_roguey, skrybe_vaults_entry_preservation
Lair:1:   beast_lair_carwin_large_3, layout_regular_city,
          ebering_ghost_reflecting_pool
Lair:2:   layout_roguey, elwin_shoals_entry_rocks, portal_ice_cave_rime,
          kennysheep_rathole, infiniplex_staircase_pool, uniq_fannar
Lair:3:   layout_long_grid, spider_nest_entry_rubble, forest_entry_grove
Lair:4:   layout_layer_cave, minivault_26, serial_bayou_shore_a,
          grunt_megastairs_3
Lair:5:   hangedman_lair_tendril_chambers, layout_long_grid,
          guppyfry_lair_end_dragon, slime_entry_1, enter_volcano_1,
          uniq_josephine
Spider:1: layout_spider_delve, drop_trap, hangedman_spider_tarantella_strand,
          uniq_roxanne
Orc:1:    layout_diamond_mine, serial_shops, nicolae_shop_crystal
Orc:2:    st_orc_rangers, layout_caves

Skill      XL: |  1  2  3  4  5  6  7  8  9 10 11 12 13 14 |
---------------+-------------------------------------------+-----
Stealth        | 4 5 |  5.0
Air Magic      | 3 4 5 6 7 9 11 | 11.4
Spellcasting   | 3 4 5 7 8 10 | 10.8
Fighting       | 8 10 11 | 11.1
Dodging        | 8 9 |  9.9
Evocations     | 4 |  4.0
Conjurations   | 5 10 9 | 10.8
Unarmed Combat | 1 7 |  7.0
Hexes          | 7 8 |  8.0
Transmutations | 8 4 |  8.0
Earth Magic    | 1 5 |  5.8

Action                   |  1- 3 |  4- 6 |  7- 9 | 10-12 | 13-15 || total
-------------------------+-------+-------+-------+-------+-------++-------
Melee: Unarmed           |     1 |    12 |     8 |    47 |    10 ||    78
       Bite              |       |       |       |     5 |       ||     5
       Punch             |       |       |       |     4 |     1 ||     5
 Cast: Shock             |   118 |   153 |   156 |   153 |       ||   580
       Airstrike         |       |     9 |    80 |   287 |   212 ||   588
       Static Discharge  |       |       |       |    86 |   249 ||   335
       Magic Dart        |       |       |       |    45 |   289 ||   334
       Iskenderun's Batt |       |       |       |     9 |    52 ||    61
       Fulminant Prism   |       |       |       |       |     2 ||     2
       Yara's Violent Un |       |       |       |       |     1 ||     1
Invok: Call Merchant     |       |       |     1 |     1 |     3 ||     5
Evoke: Wand              |       |       |       |    22 |     3 ||    25
  Use: Scroll            |       |     7 |     6 |    17 |     7 ||    37
       Potion            |       |     1 |     2 |     1 |     3 ||     7
 Stab: Sleeping          |       |       |       |     1 |       ||     1
Armor: Skin              |     1 |       |     7 |    26 |    30 ||    64
Dodge: Dodged            |    17 |    24 |    92 |   243 |   310 ||   686
Block: Other             |       |       |       |    64 |    75 ||   139
       Reflection        |       |       |       |     7 |    22 ||    29
